 Dungeon Crawl Stone Soup version 0.29-a0-451-gfbfa42419e (webtiles) character file.

Game seed: 13387552224462759049

109 acebull12 the Slasher (level 4, 0/34 HPs)
             Began as a Demonspawn Gladiator on May 19, 2022.
             Was a Believer of Qazlal.
             Killed from afar by xian's ghost (3 damage)
             ... with a magic dart
             ... on level 3 of the Dungeon.
             The game lasted 00:04:49 (2893 turns).

acebull12 the Slasher (Demonspawn Gladiator)        Turns: 2893, Time: 00:04:50

Health: 0/34       AC: 15    Str: 16    XL:     4   Next: 59%
Magic:  4/4        EV: 11    Int:  9    God:    Qazlal [**....]
Gold:   89         SH:  2    Dex: 15    Spells: 3/3 levels left

rFire   . . .      SeeInvis .   a - +0 long sword
rCold   . . .      Faith    .   (no shield)
rNeg    + . .      Spirit   .   l - +0 ring mail {rN+}
rPois   .          Reflect  .   c - +0 helmet
rElec   .          Harm     .   (no cloak)
rCorr   .          Rampage  .   (no gloves)
Will    .....                   (no boots)
Stlth   +.........              (no amulet)
HPRegen 0.11/turn               (no ring)
MPRegen 0.09/turn               (no ring)

@: sanguine armoured
A: foul stench 1, sanguine armour 2
a: Renounce Religion, Upheaval


You were on level 3 of the Dungeon.
You worshipped Qazlal.
Qazlal was pleased with you.
You visited 1 branch of the dungeon, and saw 3 of its levels.

You collected 89 gold pieces.

Inventory:

Hand Weapons
 a - a +0 long sword (weapon)
Missiles
 d - 3 throwing nets (quivered)
 e - a javelin
Armour
 b - a +0 leather armour
 c - a +0 helmet (worn)
 l - a +0 ring mail of positive energy (worn)
 m - a +0 scale mail
Jewellery
 n - a +6 ring of intelligence
 p - a +6 ring of dexterity
Scrolls
 f - a scroll of fog
 h - a scroll of amnesia
 i - 2 scrolls of identify
 j - a scroll of enchant armour {unknown}
 k - a scroll of magic mapping {unknown}
 o - 2 scrolls of poison
 q - a scroll of enchant weapon {unknown}
Potions
 g - a potion of curing
 r - a potion of mutation {unknown}


   Skills:
 * Level 2.4 Fighting
 * Level 4.2 Long Blades
 - Level 1.7 Throwing
 + Level 1.3 Armour
 + Level 3.0 Dodging
 + Level 0.1 Stealth


You had 3 spell levels left.
You didn't know any spells.
Your spell library contained the following spells:

 Spells                   Type           Power      Damage    Failure   Level
 Freeze                   Ice            0%         1d3       61%         1
 Frozen Ramparts          Ice            0%         1d2       93%         3
 Fulminant Prism          Conj/Hex       0%         3d6       100%        4
 Hailstorm                Conj/Ice       0%         3d3       100%        4
 Iskenderun's Mystic Bla  Conj/Tloc      0%         2d3       100%        4
 Lee's Rapid Deconstruct  Erth           0%         3d5*      100%        5
 Borgnjor's Revivificati  Necr           0%         N/A       100%        8
 Necromutation            Tmut/Necr      0%         N/A       100%        8
 Death's Door             Necr           0%         N/A       100%        9


Dungeon Overview and Level Annotations

Branches:
Dungeon (3/15)

Altars:
Qazlal

Annotations:
D:3 xian's ghost, amateur DrCj


Innate Abilities, Weirdness & Mutations

You may rarely emit foul miasma when damaged in melee.
When seriously injured, your blood forms thick armour. (AC +9)


Message History

You hit xian's ghost.
Xian's ghost is moderately damaged.
Xian's ghost closely misses you.
You barely miss xian's ghost.
Xian's ghost is moderately damaged.
Xian's ghost hits you but does no damage.
You slash xian's ghost!
Xian's ghost is heavily damaged.
Xian's ghost closely misses you. Xian's ghost barely misses you.
You hit xian's ghost but do no damage.
Xian's ghost is heavily damaged.
Xian's ghost closely misses you.
You barely miss xian's ghost.
Xian's ghost is heavily damaged.
Xian's ghost casts a spell at you.
The magic dart hits you but does no damage.
You barely miss xian's ghost.
Xian's ghost is heavily damaged.
Xian's ghost hits you but does no damage.
You hit xian's ghost but do no damage.
Xian's ghost is heavily damaged.
Xian's ghost casts a spell at you. The magic dart hits you!
* * * LOW HITPOINT WARNING * * *
You barely miss xian's ghost.
Xian's ghost is heavily damaged.
Xian's ghost hits you but does no damage.
You hit xian's ghost.
Xian's ghost is heavily damaged.
Xian's ghost barely misses you.
Xian's ghost hits you but does no damage.
You hit xian's ghost.
Xian's ghost is heavily damaged.
Xian's ghost hits you.
* * * LOW HITPOINT WARNING * * *
You closely miss xian's ghost.
Xian's ghost is heavily damaged.
Xian's ghost gestures at you while chanting.
The magic dart hits you.
You die...

#.# #..#. .######
#.########.### .......##
#.......#...## ##.....##
#######....... .#....†..##
#.#....# ....###...##
#......# ...##⌠##...##
####..#. ..##...##...# #.#.#
#..##..!..##@.# #.###
#..#⌠..♣...W..# #.#
#..##..?..##..# #.#
#...##...##...# #.#
#...##⌠##...############.###
###...###...##
#............# ...........##
#.###.####.#.# ###.....##
#.###.####.#.# #####...###
#.#....^......


You could see xian's ghost.

Vanquished Creatures
  An orc wizard (D:2)
  3 adders (D:2)
  A dart slug (D:1)
  4 orcs (D:2)
  5 endoplasms
  A giant cockroach (D:1)
  3 goblins
  5 hobgoblins
  8 kobolds
  2 quokkas (D:3)
  7 ball pythons
  3 bats
  A frilled lizard (D:1)
  2 rats
46 creatures vanquished.

Notes
Turn   | Place    | Note
-------+----------+-------------------------------------------
     0 | D:1      | acebull12 the Demonspawn Gladiator began the quest for the
                  | Orb.
     0 | D:1      | Reached XP level 1. HP: 16/16 MP: 1/1
   190 | D:1      | Reached skill level 3 in Long Blades
   254 | D:1      | Gained mutation: You may rarely emit foul miasma when
                  | damaged in melee. [demonic ancestry]
   254 | D:1      | Reached XP level 2. HP: 22/22 MP: 2/2
   741 | D:1      | Found a faded altar of an unknown god.
   757 | D:1      | Prayed at the altar of an unknown god.
   757 | D:1      | Became a worshipper of Qazlal Stormbringer
   757 | D:1      | Reached * piety under Qazlal
  1265 | D:2      | Gained mutation: When seriously injured, your blood forms
                  | armour. (AC +9) [demonic ancestry]
  1265 | D:2      | Reached XP level 3. HP: 15/27 MP: 3/3
  1539 | D:2      | Reached skill level 1 in Armour
  1825 | D:2      | Gained mutation: When seriously injured, your blood forms
                  | thick armour. (AC +9) [demonic ancestry]
  1825 | D:2      | Reached XP level 4. HP: 5/34 MP: 4/4
  2098 | D:2      | Reached skill level 4 in Long Blades
  2752 | D:3      | Reached ** piety under Qazlal
  2845 | D:3      | Found a runed translucent door.
  2845 | D:3      | Noticed xian's ghost (amateur DrCj)
  2893 | D:3      | Killed from afar by xian's ghost

Illustrated notes

Levels and vault maps discovered:
D:1:      dpeg_arrival_rooms_a, layout_basic, nicolae_ecumenical_snake_handling,
          kennysheep_another_room
D:2:      layout_basic
D:3:      layout_loops_corners, hellmonk_ghost_happy_afterlife

Skill      XL: |  1  2  3  4 |
---------------+-------------+-----
Long Blades    | 3 4 |  4.2
Armour         | 1 |  1.3
Dodging        | 3 |  3.0
Fighting       | |  2.4
Throwing       | |  1.7
Stealth        | |  0.1

Action                   |  1- 3 |  4- 6 || total
-------------------------+-------+-------++-------
Melee: Long sword        |   111 |    54 ||   165
       Punch             |     1 |       ||     1
  Use: Scroll            |       |     5 ||     5
 Stab: Sleeping          |     1 |       ||     1
Armor: Leather armour    |     9 |       ||     9
       Scale mail        |    36 |     2 ||    38
       Ring mail         |       |    23 ||    23
Dodge: Dodged            |    55 |    20 ||    75
Block: Other             |     5 |     3 ||     8

Table legend: (Time is in decaauts)
 A = Elapsed time spent in this place.
 B = Non-inter-level travel time spent in this place.
 C = Inter-level travel time spent in this place.
 D = Time resting spent in this place.
 E = Time spent auto-exploring this place.
 F = Levels seen in this place.
 G = Mean time per level.
                   A        B        C        D        E       F      G
               +--------+--------+--------+--------+--------+-----+--------+
         Total |   2930 |   2669 |    261 |    456 |   1800 |   3 |  976.7 |
       Dungeon |   2930 |   2669 |    261 |    456 |   1800 |   3 |  976.7 |
               +--------+--------+--------+--------+--------+-----+--------+

Top non-repeatable levels by time:
     D:2: 1232 daAuts
     D:1: 1226 daAuts
     D:3: 471 daAuts
